 Dungeon Crawl Stone Soup version 0.27.1-3-gb3d3a73c9e (webtiles) character file.

Game seed: 7729236907963230293

23 vatarom the Firebug (level 2, -1/19 HPs)
             Began as a Demonspawn Fire Elementalist on Oct 7, 2021.
             Slain by a quokka (3 damage)
             ... on level 1 of the Dungeon.
             The game lasted 00:01:24 (887 turns).

vatarom the Firebug (Demonspawn Fire Elementalist)   Turns: 887, Time: 00:01:25

Health: -1/19      AC:  4    Str:  8    XL:     2   Next: 72%
Magic:  1/5        EV: 12    Int: 16    God:
Gold:   25         SH:  0    Dex: 13    Spells: 4/5 levels left

rFire    . . .     SeeInvis .   b - +0 dagger
rCold    . . .     Faith    .   (no shield)
rNeg     . . .     Spirit   .   a - +0 robe
rPois    .         Reflect  .   (no helmet)
rElec    .         Harm     .   (no cloak)
rCorr    .         Rampage  .   (no gloves)
Will     .....                  (no boots)
Stlth    ++........             (no amulet)
HPRegen  0.06/turn              (no ring)
MPRegen  0.09/turn              (no ring)

@: no status effects
A: yellow scales 1
a: no special abilities


You were on level 1 of the Dungeon.
You visited 1 branch of the dungeon, and saw 1 of its levels.

You collected 25 gold pieces.

Inventory:

Hand Weapons
 b - a +0 dagger (weapon)
Armour
 a - a +0 robe (worn)


   Skills:
 - Level 1.7 Dodging
 + Level 1.9 Stealth
 + Level 2.2 Spellcasting
 * Level 2.0 Conjurations
 + Level 2.9 Fire Magic


You had 4 spell levels left.
You knew the following spells:

 Your Spells              Type           Power      Damage    Failure   Level
a - Foxfire               Conj/Fire      36%        2x1d5     8%          1

Your spell library contained the following spells:

 Spells                   Type           Power      Damage    Failure   Level
 Conjure Flame            Conj/Fire      9%         6-21      22%         3
 Inner Flame              Hex/Fire       6%         N/A       32%         3
 Sticky Flame             Conj/Fire      9%         2d3       58%         4
 Fireball                 Conj/Fire      4%         3d4       90%         5


Dungeon Overview and Level Annotations

Branches:
Dungeon (1/15)

Altars:


Innate Abilities, Weirdness & Mutations

You are partially covered in yellow scales. (AC +2)


Message History

The jackal barely misses you.
You miss the jackal.
The jackal is severely wounded.
The jackal bites you but does no damage.
The jackal barely misses you. The jackal misses you. The jackal bites you.
Things that are here:
a +0 club; 5 stones The jackal closely misses you.
Casting: Foxfire (safe; 8% risk of failure)
Confirm with . or Enter, or press ? or * to list all spells.
You conjure some foxfire!
The foxfire hits the jackal.
You kill the jackal!
Your Conjurations skill increases to level 2!
You barely miss the jackal.
The jackal is severely wounded.
The jackal bites you but does no damage.
You hit the jackal but do no damage.
The jackal is severely wounded.
The jackal bites you. The jackal closely misses you.
You hit the jackal.
You kill the jackal!
You closely miss the quokka. The quokka barely misses you.
Casting: Foxfire (safe; 8% risk of failure)
Confirm with . or Enter, or press ? or * to list all spells.
You conjure some foxfire!
The quokka closely misses you.
You hit the quokka.
The quokka is heavily wounded.
The foxfire hits the quokka.
The quokka is severely wounded.
The quokka bites you.
* * * LOW HITPOINT WARNING * * *
The quokka bites you but does no damage.
The quokka bites you.
* * * LOW HITPOINT WARNING * * *
You see here a jackal corpse.
You aren't carrying any potions.
The quokka bites you.
You die...

.....(...............#
#.#.#####.
##........)..(.......#
#.#.#.....
##.#####.####.#......#
#.#.#.###† ...#
#............##
#.#.#.#... ##.#
######.##.####
#.#....... #.# #.##.#
#.#....... #.#
#.##.#######.........
#.#
#....................
#.#
#####@##########......
#.# #.r.r.# ##.#...
#.# #†###.# #..... #.#
#.# ###... #)# #.#
#.#. #.# #.#########
###.#. . #.#
#......>..# #..... .#
#.# #########.###.#.#.
.# #.# #.....†...


You could see a quokka and a rat.

Vanquished Creatures
  2 bats (D:1)
  An endoplasm (D:1)
  2 giant cockroaches (D:1)
  A goblin (D:1)
  2 hobgoblins (D:1)
  4 jackals (D:1)
  2 kobolds (D:1)
  A quokka (D:1)
  A ball python (D:1)
  2 rats (D:1)
18 creatures vanquished.

Vanquished Creatures (others)
  33 foxfires (D:1)
33 creatures vanquished.

Grand Total: 51 creatures vanquished

Notes
Turn   | Place    | Note
-------+----------+-------------------------------------------
     0 | D:1      | vatarom the Demonspawn Fire Elementalist began the quest
                  | for the Orb.
     0 | D:1      | Reached XP level 1. HP: 13/13 MP: 3/3
   460 | D:1      | Gained mutation: You are partially covered in yellow
                  | scales. (AC +2) [demonic ancestry]
   460 | D:1      | Reached XP level 2. HP: 19/19 MP: 1/5
   887 | D:1      | Slain by a quokka

Illustrated notes

Levels and vault maps discovered:
D:1:      mrwooster_arrival_statue, layout_loops_ring

Skill      XL: |  1  2 |
---------------+-------+-----
Conjurations   | 2 |  2.0
Dodging        | |  1.7
Stealth        | |  1.9
Spellcasting   | |  2.2
Fire Magic     | |  2.9

Action                   || total
-------------------------++-------
Melee: Unarmed           ||     1
       Dagger            ||    40
 Cast: Foxfire           ||    25
  Use: Scroll            ||     1
       Potion            ||     1
Armor: Robe              ||    26
Dodge: Dodged            ||    37
